 Dungeon Crawl Stone Soup version 0.28.0-53-g5a82cb258f (webtiles) character file.

Game seed: 16936788478085668714

573 kudzoo the Cudgeller (level 7, -9/78 (100) HPs)
             Began as a Troll Berserker on July 14, 2022.
             Was a Priest of Trog.
             Mangled by a wight
             ... wielding a +3 halberd
              (12 damage)
             ... on level 4 of the Dungeon.
             The game lasted 00:42:05 (1922 turns).

kudzoo the Cudgeller (Troll Berserker)              Turns: 1922, Time: 00:42:06

HP:   -9/78 (100)   AC:  4    Str: 34    XL:     7   Next: 12%
MP:   6/6           EV:  7    Int:  3    God:    Trog [***...]
Gold: 71            SH: 10    Dex:  9    Spells: 6/6 levels left

rFire   . . .      SeeInvis .   a - +0 mace
rCold   . . .      Faith    +   u - +0 tower shield
rNeg    . . .      Spirit   .   b - +0 animal skin
rPois   .          Reflect  .   (helmet restricted)
rElec   .          Harm     .   (no cloak)
rCorr   .          Rampage  .   (gloves unavailable)
Will    .....                   (boots unavailable)
Stlth   ..........              e - amulet of faith
HPRegen 1.03/turn               s - +6 ring of strength
MPRegen 0.10/turn               (no ring)

@: berserking, heavily drained, very quick
A: large, unfitting armour, claws 3, regeneration 1, shaggy fur 1, tough skin 1
a: Renounce Religion, Berserk, Trog's Hand


You were on level 4 of the Dungeon.
You worshipped Trog.
Trog was most pleased with you.
You visited 1 branch of the dungeon, and saw 6 of its levels.
You also visited: Sewer.

You collected 71 gold pieces.

Inventory:

Hand Weapons
 a - a +0 mace (weapon)
 c - a +0 club
 f - a +0 dagger
 g - a +0 short sword
 k - a +0 whip
 l - a +0 hunting sling
 m - a +0 spear of flaming
 n - a +0 short sword
 w - a +1 long sword
 x - a +5 short sword
 y - a +5 short sword
 I - a +0 spear of freezing
 K - a +0 halberd
Missiles
 h - 25 stones (quivered)
 q - 44 sling bullets
Armour
 b - a +0 animal skin (worn)
 d - a +0 robe
 o - a +1 helmet
 u - a +0 tower shield (worn)
 z - a +0 robe
 A - a +0 robe
Jewellery
 e - an amulet of faith (around neck)
 s - a +6 ring of strength (left claw)
 J - a ring of protection from cold
Scrolls
 j - a scroll of silence {unknown}
 r - a scroll of noise {unknown}
 v - a scroll of amnesia {unknown}
 C - 4 scrolls of identify {unknown}
Potions
 i - a potion of degeneration {unknown}
 t - a potion of curing {unknown}
 B - 2 potions of flight {unknown}
 D - a potion of haste {unknown}
 E - a potion of mutation {unknown}
 F - a potion of invisibility {unknown}
 G - a potion of attraction {unknown}
 H - a potion of might {unknown}


   Skills:
 + Level 3.4 Fighting
 + Level 4.8 Maces & Flails
 + Level 3.5 Dodging
 + Level 1.9 Shields
 * Level 3.1 Unarmed Combat


You had 6 spell levels left.
You didn't know any spells.
Your spell library was empty.

Dungeon Overview and Level Annotations

Branches:
Dungeon (6/15)              Sewer (visited)
 Temple: D:4-7

Altars:
Ru


Innate Abilities, Weirdness & Mutations

You are too large for most types of armour.
You have claws for hands.
Your natural rate of healing is unusually fast.
You are covered in fur. (AC +1)
You have tough skin. (AC +1)


Message History

The wight hits you but does no damage.
You barely miss the wight.
The wight hits you from afar with a +3 halberd!
The wight hits you with a +3 halberd.
You feel drained.
The wight hits you from afar with a +3 halberd.
You feel drained. The wight hits you with a +3 halberd!
You feel drained.
You barely miss the wight.
The wight hits you from afar with a +3 halberd.
The wight hits you with a +3 halberd!
You feel drained.
You barely miss the wight. The wight barely misses you.
The wight hits you with a +3 halberd!
* * * LOW HITPOINT WARNING * * *
You feel much better. The wight hits you with a +3 halberd!
You feel drained. You block the wight's attack.
A red film seems to cover your vision as you go berserk!
You feel yourself moving faster!
You feel mighty! You block the wight's attack. x2
You barely miss the wight. The wight hits you with a +3 halberd!
You feel drained.
The wight hits you from afar with a +3 halberd.
You feel drained.
You sock the wight!
The wight is heavily damaged.
The wight hits you with a +3 halberd!
* * * LOW HITPOINT WARNING * * *
You block the wight's attack.
You sock the wight!
You feel the power of Trog in you as your rage grows.
You destroy the wight!
Trog accepts your kill.
The wight hits you from afar with a +3 halberd!!
* * * LOW HITPOINT WARNING * * *
You feel drained.
* * * LOW HITPOINT WARNING * * *
The wight closely misses you.
Things that are here:
a +3 halberd; a +0 robe You hit the wight.
The wight is moderately damaged.
The wight hits you with a +3 halberd!
You die...

≈#≈≈≈.# ##≈...# ≈≈≈...#
.≈≈...# ≈.....# ########
......# #......# ##.####
#......+ .÷.# #.....z# ##.#
### #@#
#.#########'###.#############
#............##.#...##......#
####.........##.#...##.####.#
#.........'.........####.#
#.........##.).........#.#
#.........###..#.#.....#.#
#.........# #..#.......'.#
########'## #..#.#.....###


You could see a wight.

Vanquished Creatures
  An ogre (D:4)
  4 wights (D:4)
  A gnoll shaman (D:4)
  A bullfrog skeleton (D:5)
  An iguana (D:4)
  2 hound skeletons (D:4)
  3 gnolls (D:4)
  8 river rats
  3 adders (Sewer)
  An adder skeleton (D:4)
  6 dart slugs
  An orc (D:5)
  8 bats
  4 endoplasms
  3 giant cockroaches
  8 goblins
  3 hobgoblins
  7 kobolds
  A quokka (D:1)
  4 ball pythons
  4 frilled lizards
  14 rats
88 creatures vanquished.

Notes
Turn   | Place    | Note
-------+----------+-------------------------------------------
     0 | D:1      | kudzoo the Troll Berserker began the quest for the Orb.
     0 | D:1      | Reached XP level 1. HP: 22/22 MP: 0/0
   175 | D:1      | Reached XP level 2. HP: 29/29 MP: 1/1
   235 | D:1      | Reached skill level 3 in Maces & Flails
   388 | D:1      | Reached ** piety under Trog
   389 | D:1      | Reached XP level 3. HP: 34/36 MP: 2/2
   393 | D:1      | Found a faded altar of an unknown god.
   530 | D:1      | Reached skill level 1 in Unarmed Combat
   808 | D:4      | Reached XP level 4. HP: 38/44 MP: 3/3
   910 | D:5      | Entered Level 5 of the Dungeon
  1114 | D:4      | Reached XP level 5. HP: 37/51 MP: 4/4
  1120 | D:4      | Reached skill level 4 in Maces & Flails
  1158 | D:4      | Reached *** piety under Trog
  1175 | D:4      | Found a glowing drain.
  1190 | Sewer    | Entered a sewer
  1284 | Sewer    | Reached XP level 6. HP: 34/60 MP: 5/5
  1385 | Sewer    | Reached skill level 1 in Shields
  1724 | D:4      | Found a sacrificial altar of Ru.
  1813 | D:4      | Reached XP level 7. HP: 29/67 MP: 6/6
  1920 | D:4      | HP: 3/81 [wight/+3 halberd (20)]
  1920 | D:4      | HP: 1/76 [wight/+3 halberd (2)]
  1922 | D:4      | Mangled by a wight

Illustrated notes

Levels and vault maps discovered:
D:1:      amcnicky_arrival_abandoned_market, layout_basic,
          ebering_ecumenical_altar_sacrificial
D:2:      layout_loops_cross
D:3:      layout_loops_corners, grunt_decor_cap, kennysheep_generic_room_2
D:4:      layout_basic, nicolae_ru_path_of_blood, portal_sewer_entry_e,
          lexackson_kobold_supper
D:5:      layout_loops_cross, mainiacjoe_overflow_boulevard,
          minmay_misc_feat_columns
D:6:      layout_basic, mainiacjoe_overflow_surrounded_room

Skill      XL: |  1  2  3  4  5  6 |
---------------+-------------------+-----
Maces & Flails | 3 4 |  4.8
Unarmed Combat | 1 2 3 |  3.1
Dodging        | 3 |  3.5
Fighting       | 3 |  3.4
Shields        | 1 |  1.9

Action                   |  1- 3 |  4- 6 |  7- 9 || total
-------------------------+-------+-------+-------++-------
Melee: Mace              |   111 |   213 |    17 ||   341
Throw: Stone             |       |     1 |       ||     1
Invok: Berserk           |       |     5 |     1 ||     6
       Trog's Hand       |       |     1 |       ||     1
  Use: Potion            |       |     2 |     1 ||     3
 Stab: Sleeping          |     1 |     1 |       ||     2
Armor: Animal skin       |    54 |    46 |     2 ||   102
Dodge: Dodged            |    66 |    60 |     7 ||   133
Block: Tower shield      |       |   136 |    10 ||   146
